 Dungeon Crawl Stone Soup version 0.18-a0-23-g19353e1 (webtiles) character file.

88 radek the Conjurer (level 4, -5/24 HPs)
             Began as a Deep Elf Conjurer on Nov 2, 2015.
             Was an Initiate of Vehumet.
             Slain by mrath's ghost (11 damage)
             ... on level 3 of the Dungeon.
             The game lasted 00:07:53 (2802 turns).

radek the Conjurer (Deep Elf Conjurer)              Turns: 2802, Time: 00:07:53

Health: -5/24      AC:  7    Str:  6    XL:     4   Next: 30%
Magic:  10/10      EV: 13    Int: 20    God:    Vehumet [......]
Gold:   103        SH:  0    Dex: 15    Spells: 1 memorised, 8 levels left

rFire  . . .     SeeInvis .     q - +5 mace (protect)
rCold  . . .     Clarity  .     a - +0 robe
rNeg   . . .     SustAt   .     (no shield)
rPois  +         Gourm    .     (no helmet)
rElec  .         Spirit   .     (no cloak)
rCorr  .         Warding  .     (no gloves)
rMut   .         Stasis   .     (no boots)
MR     .....                    (no amulet)
Stlth  ++........               p - ring of poison resistance
                                h - ring of flight

@: not resistant to hostile enchantments, unstealthy
A: no striking features
a: Renounce Religion, Evoke Flight


You were on level 3 of the Dungeon.
You worshipped Vehumet.
Vehumet was noncommittal.
You were not hungry.

You visited 1 branch of the dungeon, and saw 3 of its levels.

You collected 103 gold pieces.

Inventory:

Hand Weapons
 q - a +5 mace of protection (weapon)
Armour
 a - a +0 robe (worn)
Jewellery
 h - a ring of flight (left hand)
 p - a ring of poison resistance (right hand)
 s - a +5 ring of protection {unknown}
Wands
 m - a wand of slowing (24)
Scrolls
 d - 2 scrolls of enchant weapon {unknown}
 e - 2 scrolls of amnesia {unknown}
 f - a scroll of magic mapping {unknown}
 i - a scroll of blinking {unknown}
 j - 2 scrolls of remove curse {unknown}
 l - a scroll of immolation {unknown}
 n - 2 scrolls of identify {unknown}
Potions
 g - a potion of haste {unknown}
 k - 3 potions of heal wounds {unknown}
 o - a potion of might
 r - a potion of flight {unknown}
Books
 b - a book of Conjurations

   Spells                             Type                      Level
   a - Magic Dart                     Conjuration                  1
   b - Searing Ray                    Conjuration                  2
   c - Dazzling Spray                 Conjuration/Hexes            3
   d - Fulminant Prism                Conjuration/Hexes            4
   e - Iskenderun's Mystic Blast      Conjuration                  4
   f - Iskenderun's Battlesphere      Conjuration/Charms           5
Comestibles
 c - 3 bread rations


   Skills:
 - Level 2.4 Dodging
 - Level 2.4 Stealth
 - Level 3.0 Spellcasting
 + Level 6.4 Conjurations


You had 8 spell levels left.
You knew the following spells:

 Your Spells              Type           Power        Failure   Level  Hunger
a - Magic Dart            Conj           ####         1%          1    None


Dungeon Overview and Level Annotations

Branches:
Dungeon (3/15)

Altars:
Elyvilon
Sif Muna
Vehumet
Yredelemnul

Annotations:
D:2 Terence
D:3 mrath's ghost, novice MiFi


Message History

The magic dart hits the bat.
You kill the bat!
Vehumet accepts your kill.
You start resting.
Magic restored.
You start resting.
Mrath's ghost turns its malevolent gaze towards you.
Mrath's ghost is nearby!
Mrath's ghost is nearby!
You start resting.
You see here a rapier.
Found a twisted steel ring and 12 arrows.
That item cannot be evoked!
You see here a twisted steel ring.
s - a twisted steel ring An adder and a hobgoblin come into view.
Mrath's ghost hits you!
* * * LOW HITPOINT WARNING * * *
Mrath's ghost hits you!
You die...

###.#...........#
..###..######()##
###.#.#.######...#
#..#..........[....
#..#.#.######......
#..#.#.# #......
#..#W#<# #..#.#.
#..#.#.# #.#....
#(@#.#.#####.....#.
#W.#..)....... ....
#..###.#####.. #..#
#.# gS.........#.#
#.########.#.. .###
#


You could see mrath's ghost.

Vanquished Creatures
  4 adders
  2 worms (D:2)
  2 giant geckos (D:2)
  An orc (D:3)
  5 bats
  3 giant cockroaches
  2 gnoll zombies (D:2)
  4 hobgoblins
  4 jackals (D:2)
  A quokka (D:2)
  4 giant newts
  4 goblins
  4 kobolds (D:1)
  7 rats
47 creatures vanquished.

Notes
Turn   | Place    | Note
--------------------------------------------------------------
     0 | D:1      | radek the Deep Elf Conjurer began the quest for the Orb.
     0 | D:1      | Reached XP level 1. HP: 10/10 MP: 6/6
   318 | D:1      | Reached XP level 2. HP: 15/15 MP: 6/8
   335 | D:1      | Reached skill level 5 in Conjurations
   948 | D:2      | Found a radiant altar of Vehumet.
   953 | D:2      | Became a worshipper of Vehumet
  1018 | D:2      | Reached XP level 3. HP: 19/19 MP: 7/9
  1525 | D:2      | Found a deep blue altar of Sif Muna.
  1569 | D:2      | Noticed Terence
  1812 | D:2      | Found a white marble altar of Elyvilon.
  2031 | D:2      | Reached skill level 6 in Conjurations
  2101 | D:2      | Reached XP level 4. HP: 24/24 MP: 2/10
  2384 | D:2      | Found a basalt altar of Yredelemnul.
  2692 | D:3      | Noticed mrath's ghost (novice MiFi)
  2802 | D:3      | Slain by mrath's ghost

Vault maps used:
D:1:      saegor_arrival_simple_f, minmay_misc_feat_alley
D:2:      vehumet_crystals, led_sif_pool, lemuel_zombie_altar_yredelemnul,
          elyvilon_altar_5, uniq_terence
D:3:      lemuel_round_altar

Action                   |  1- 3 |  4- 6 || total
-------------------------+-------+-------++-------
Melee: Unarmed           |    23 |       ||    23
       Mace              |       |     4 ||     4
 Cast: Magic Dart        |    77 |    36 ||   113
Evoke: Wand              |     1 |       ||     1
  Use: Potion            |     2 |       ||     2
  Eat: Chunk             |     3 |     1 ||     4
       Beef jerky        |       |     1 ||     1
